 Dungeon Crawl Stone Soup version 0.21.0-3-g78d12a8bdd (webtiles) character file.

55 Jannitor the Ducker (level 3, -5/24 HPs)
             Began as a Merfolk Air Elementalist on Jan 9, 2018.
             Slain by a centaur (10 damage)
             ... on level 3 of the Dungeon.
             The game lasted 00:04:48 (1926 turns).

Jannitor the Ducker (Merfolk Air Elementalist)      Turns: 1926, Time: 00:04:49

Health: -5/24      AC:  2    Str:  8    XL:     3   Next: 93%
Magic:  1/6        EV: 14    Int: 15    God:
Gold:   115        SH:  0    Dex: 14    Spells: 3/7 levels left

rFire    . . .     SeeInvis .   f - +0 spear
rCold    . . .     Gourm    .   (no shield)
rNeg     . . .     Faith    .   a - +0 robe
rPois    .         Spirit   .   (no helmet)
rElec    .         Reflect  .   (no cloak)
rCorr    .         Harm     .   (no gloves)
MR       .....                  (no boots)
Stlth    ++........             (no amulet)
HPRegen  0.08/turn              (no ring)
MPRegen  0.10/turn              (no ring)

@: very slightly contaminated, hasted, very quick
A: change form in water, swift swim, stealthy swim
a: no special abilities


You were on level 3 of the Dungeon.
You were not hungry.

You visited 1 branch of the dungeon, and saw 3 of its levels.

You collected 115 gold pieces.

Inventory:

Hand Weapons
 f - a +0 spear (weapon)
Armour
 a - a +0 robe (worn)
 g - a +0 buckler
Jewellery
 h - an uncursed ring of see invisible {unknown}
 k - an uncursed amulet of faith {unknown}
Wands
 j - a wand of iceblast (8)
Scrolls
 c - 2 scrolls of identify {unknown}
 d - a scroll of amnesia {unknown}
 e - 4 scrolls of remove curse {unknown}
 i - a scroll of teleportation {unknown}
 o - a scroll of blinking {unknown}
Potions
 l - a potion of curing
Books
 b - a book of Air

   Spells                             Type                      Level
   a - Shock                          Conjuration/Air              1
   b - Swiftness                      Charms/Air                   2
   c - Static Discharge               Conjuration/Air              3
   d - Airstrike                      Air                          4
   e - Lightning Bolt                 Conjuration/Air              5
Comestibles
 n - a ration


   Skills:
 * Level 2.0 Polearms
 + Level 3.6 Dodging
 - Level 2.1 Stealth
 + Level 2.5 Spellcasting
 - Level 0.7 Conjurations
 + Level 2.9 Air Magic


You had 3 spell levels left.
You knew the following spells:

 Your Spells              Type           Power        Failure   Level  Hunger
a - Shock                 Conj/Air       #...         10%         1    #......
b - Static Discharge      Conj/Air       #.......     30%         3    ###....


Dungeon Overview and Level Annotations

Branches:
Dungeon (3/15)

Altars:
Hepliaklqana
Nemelex Xobeh


Message History

The centaur is severely wounded.
The centaur closely misses you.
Unknown command.
Unknown command.
Unknown command.
You hit the centaur but do no damage.
The centaur is severely wounded.
The centaur hits you!
* * * LOW HITPOINT WARNING * * *
You are too injured to fight recklessly!
You barely miss the centaur.
The centaur is severely wounded.
The centaur misses you.
You hit the centaur but do no damage.
The centaur is severely wounded.
The centaur completely misses you.
You hit the centaur but do no damage.
The centaur is severely wounded.
The centaur hits you!
You die...

#.# #.# #.# #.#
#.# #.# #.#
#c########
#(@(.....#
########.# #.# #.#
#######.# #####
......>.# #... .##
........###.###.#.
#######.......#.#.
#####.#.#.#.


You could see a centaur.

Vanquished Creatures
  A hound zombie (D:2)
  An adder (D:2)
  An ooze (D:2)
  A worm (D:3)
  3 goblins (D:2)
  7 hobgoblins
  A quokka (D:2)
  A ball python (D:1)
  2 bats
  4 frilled lizards (D:1)
  A kobold (D:2)
  3 rats
26 creatures vanquished.

Notes
Turn   | Place    | Note
-------+----------+-------------------------------------------
     0 | D:1      | Jannitor the Merfolk Air Elementalist began the quest for the Orb.
     0 | D:1      | Reached XP level 1. HP: 13/13 MP: 3/3
   271 | D:1      | Reached skill level 3 in Dodging
   289 | D:1      | Reached XP level 2. HP: 19/19 MP: 5/5
   731 | D:2      | Reached skill level 1 in Polearms
   909 | D:2      | Reached XP level 3. HP: 24/24 MP: 6/6
   955 | D:2      | Found a sparkling altar of Nemelex Xobeh.
  1102 | D:2      | Learned a level 3 spell: Static Discharge
  1621 | D:2      | Found a hazy altar of Hepliaklqana.
  1905 | D:3      | Noticed a centaur
  1926 | D:3      | Slain by a centaur

Skill      XL: |  1  2  3 |
---------------+----------+-----
Dodging        | 3 |  3.6
Polearms       | 1 2 |  2.0
Stealth        | |  2.1
Spellcasting   | |  2.5
Conjurations   | |  0.7
Air Magic      | |  2.9

Action                   || total
-------------------------++-------
Melee: Spear             ||    71
       Unarmed           ||     6
 Cast: Shock             ||    45
       Static Discharge  ||     2
  Use: Potion            ||     2
 Stab: Sleeping          ||     1
  Eat: Ration            ||     1
       Chunk             ||     1
Armor: Robe              ||     8
Dodge: Dodged            ||    69
